 Dungeon Crawl Stone Soup version 0.31-a0-369-g8eba5f6939 (webtiles) character file.

Game seed: 15646818539173807605

1926 cforsyth the Charlatan (level 9, -1/55 (60) HPs)
             Began as a Gnoll Artificer on July 28, 2023.
             Was a Believer of Hepliaklqana.
             Slain by a wight
             ... wielding a +0 battleaxe
              (2 damage)
             ... on level 8 of the Dungeon.
             The game lasted 00:09:03 (6886 turns).

cforsyth the Charlatan (Gnoll Artificer)            Turns: 6886, Time: 00:09:04

HP:   -1/55 (60)    AC: 16    Str: 16    XL:     9   Next: 17%
MP:   15/15         EV:  6    Int:  6    God:    Hepliaklqana [**....]
Gold: 608           SH:  0    Dex: 12    Spells: 16/16 levels left

rFire   + + .        q - +8 hand axe "Toniat Ywnia" {freeze, rF+ Stlth+}
rCold   + + .        (no shield)
rNeg    + . .        g - +0 plate armour
rPois   +            z - +0 helmet
rElec   .            B - +0 cloak
rCorr   .            A - +0 pair of gloves
SInv    .            (no boots)
Will    +....        (no amulet) Stlth
                     k - ring of positive energy
HPRegen 0.29/turn    L - ring "Zier" {rPois rF+ rC++ Will+ Int-5}
MPRegen 0.14/turn

%: no passive effects
@: drained
A: reduced essence, fangs 1, strong nose, distributed training
a: Renounce Religion, Recall Ancestor, Ancestor Identity


You were on level 8 of the Dungeon.
You worshipped Hepliaklqana.
Hepliaklqana was pleased with you.
You visited 2 branches of the dungeon, and saw 9 of its levels.

You collected 608 gold pieces.

Inventory:

Hand Weapons
 a - a +0 club
 q - the +8 hand axe "Toniat Ywnia" (weapon) {freeze, rF+ Stlth+}
   (You found it on level 2 of the Dungeon)

   rF:        It protects you from fire.
   Stlth:     It makes you more stealthy.
Armour
 b - a +0 leather armour
 g - a +0 plate armour (worn)
 z - a +0 helmet (worn)
 A - a +0 pair of gloves (worn)
 B - a +0 cloak (worn)
 M - a +3 scale mail
Jewellery
 k - a ring of positive energy (left hand)
 C - a ring of wizardry
 L - the ring "Zier" (right hand) {rPois rF+ rC++ Will+ Int-5}
   (You found it on level 7 of the Dungeon)

   [ring of protection from fire]

   Int:       It affects your intelligence (-5).
   rF:        It protects you from fire.
   rC:        It greatly protects you from cold.
   rPois:     It protects you from poison.
   Will:      It increases your willpower.
 P - a +6 ring of strength
 Q - a ring of protection from cold
Talismans
 j - a storm talisman
Wands
 c - a wand of flame (46) (quivered)
 d - a wand of charming (15)
 e - a wand of iceblast (5)
 I - a wand of paralysis (4)
 S - a wand of digging (5)
Scrolls
 h - 4 scrolls of poison {unknown}
 i - a scroll of summoning {unknown}
 l - 4 scrolls of teleportation {unknown}
 n - 5 scrolls of identify {unknown}
 o - 5 scrolls of amnesia {unknown}
 p - 4 scrolls of blinking {unknown}
 r - 2 scrolls of enchant armour {unknown}
 s - a scroll of immolation {unknown}
 v - 2 scrolls of torment {unknown}
 w - 5 scrolls of vulnerability {unknown}
 y - 3 scrolls of fog {unknown}
 E - 2 scrolls of revelation {unknown}
 G - a scroll of fear {unknown}
 H - 4 scrolls of noise {unknown}
Potions
 f - 2 potions of degeneration {unknown}
 m - 5 potions of curing {unknown}
 t - 2 potions of ambrosia {unknown}
 u - a potion of resistance {unknown}
 x - 2 potions of attraction {unknown}
 D - 2 potions of enlightenment {unknown}
 F - 3 potions of might {unknown}
 J - a potion of mutation {unknown}
 K - a potion of brilliance {unknown}
 N - 3 potions of heal wounds {unknown}
 O - a potion of cancellation {unknown}
 R - a potion of haste {unknown}


   Skills:
 + Level 4.9 Fighting
 + Level 4.0 Short Blades
 + Level 4.0 Long Blades
 + Level 4.0 Axes
 + Level 4.0 Maces & Flails
 + Level 4.0 Polearms
 + Level 4.0 Staves
 + Level 4.0 Ranged Weapons
 + Level 4.0 Throwing
 + Level 6.2 Armour
 + Level 4.9 Dodging
 + Level 4.7 Stealth
 + Level 4.0 Shields
 + Level 4.0 Unarmed Combat
 + Level 4.0 Spellcasting
 + Level 3.3 Conjurations
 + Level 3.3 Hexes
 + Level 3.3 Summonings
 + Level 3.3 Necromancy
 + Level 3.3 Translocations
 + Level 3.3 Transmutations
 + Level 3.3 Fire Magic
 + Level 3.3 Ice Magic
 + Level 3.3 Air Magic
 + Level 3.3 Earth Magic
 + Level 3.3 Poison Magic
 + Level 4.4 Invocations
 + Level 7.8 Evocations
 + Level 3.3 Shapeshifting


You had 16 spell levels left.
You didn't know any spells.
Your spell library contained the following spells:

 Spells                   Type           Power      Damage    Failure   Level
 Sandblast                Erth           10%        2d5       98%         1
 Summon Small Mammal      Summ           20%        N/A       98%         1
 Passwall                 Tmut/Erth      4%         N/A       99%         2
 Call Canine Familiar     Summ           5%         N/A       100%        3
 Inner Flame              Hex/Fire       5%         N/A       100%        3
 Stone Arrow              Conj/Erth      10%        3d7       100%        3
 Summon Guardian Golem    Hex/Summ       5%         N/A       100%        3
 Yara's Violent Unravell  Hex/Tmut       2%         3d3       100%        5
 Enfeeble                 Hex            2%         N/A       100%        7


Dungeon Overview and Level Annotations

Branches:
Dungeon (8/15)             Temple (1/1) D:4
   Lair: D:8-11

Altars:
Ashenzari
Cheibriados
Dithmenos
Elyvilon
Fedhas
Gozag
Hepliaklqana
Kikubaaqudgha
Nemelex Xobeh
Okawaru
Qazlal
Ru
Sif Muna
Uskayaw
Vehumet
Wu Jian
Xom
Yredelemnul
Zin
The Shining One

Annotations:
D:6 3 runed translucent doors, amoryguerra's ghost, novice MiBe


Innate Abilities, Weirdness & Mutations

Your life essence is reduced to manifest your ancestor. (-10% HP)
You have very sharp teeth.
Your uncanny sense of smell can sniff out nearby items.
Your experience applies equally to all skills.


Message History

The wight hits you from afar with a +0 spear.
You barely miss the wight.
The wight is almost destroyed.
You hit the wight. x2; The wight hits you but does no damage.
The wight barely misses you. The wight hits you but does no damage.
The wight hits you from afar with a +0 spear.
You partially resist.
You feel drained.
You hit the wight.
The wight is almost destroyed.
You hit the wight but do no damage. You hit the wight.
The wight barely misses you. The wight closely misses you.
The wight hits you with a +5 short sword.
You partially resist.
You feel drained. The wight hits you but does no damage.
You slash the wight!
You destroy the wight!
You hit the wight. x2; The wight barely misses you.
The wight hits you but does no damage. The wight hits you with a +0 battleaxe!
You partially resist.
You feel drained.
You are too injured to fight recklessly!
You are too injured to fight recklessly!
You are too injured to fight recklessly!
You are too injured to fight recklessly!
You are too injured to fight recklessly!
You are too injured to fight recklessly!
You are too injured to fight recklessly!
You are too injured to fight recklessly!
You are too injured to fight recklessly!
You are too injured to fight recklessly!
You closely miss the wight.
The wight is severely damaged.
You slash the wight!
You destroy the wight!
The wight hits you from afar with a +0 spear.
* * * LOW HITPOINT WARNING * * *
The wight hits you with a +0 battleaxe!
* * * LOW HITPOINT WARNING * * *
You partially resist.
You feel drained.
* * * LOW HITPOINT WARNING * * *
The wight hits you with a +0 battleaxe.
You die...

#############
#...........##
#..........$.#
..)..........#
.....?)z)z...#
#@# ####R##
+...>.###.#.#
####........+
#..###.#.#
#..#
#..###.#.#
#........# ∆
#.####.###


You could see the friendly Enheduana the battlemage and 2 wights.

Vanquished Creatures
  A water moccasin (D:5)
  An ogre (D:5)
  2 scorpions
  4 wights
  2 killer bees (D:7)
  A howler monkey (D:6)
  A hound (D:4)
  2 jellies
  An orc priest (D:2)
  Jessica (D:3)
  3 orc wizards
  A sleepcap (D:7)
  3 iguanas
  Robin (D:3)
  11 adders
  4 gnolls (D:4)
  A shadow imp (D:7)
  A white imp (D:5)
  4 worms
  6 dart slugs
  17 orcs
  6 endoplasms
  2 giant cockroaches
  17 goblins
  4 hobgoblins
  12 jackals
  12 kobolds
  2 quokkas
  8 ball pythons
  9 bats
  4 frilled lizards
  6 rats
150 creatures vanquished.

Vanquished Creatures (collateral kills)
  A steam dragon (D:8)
  A water moccasin (D:7)
  A scorpion (D:7)
  4 wights
  3 killer bees (D:7)
  A hound (D:7)
  An iguana (D:6)
  An adder (D:6)
13 creatures vanquished.

Grand Total: 163 creatures vanquished

Notes
Turn   | Place    | Note
-------+----------+-------------------------------------------
     0 | D:1      | cforsyth the Gnoll Artificer began the quest for the Orb.
     0 | D:1      | Reached XP level 1. HP: 17/17 MP: 1/1
    51 | D:1      | Reached XP level 2. HP: 5/23 MP: 2/2
   373 | D:1      | Found a faded altar of an unknown god.
   522 | D:1      | Reached XP level 3. HP: 28/28 MP: 3/3
   752 | D:1      | Reached skill level 1 in Invocations
  1316 | D:2      | Reached skill level 1 in Short Blades
  1316 | D:2      | Reached skill level 1 in Long Blades
  1316 | D:2      | Reached skill level 1 in Axes
  1316 | D:2      | Reached skill level 1 in Maces & Flails
  1316 | D:2      | Reached skill level 1 in Polearms
  1316 | D:2      | Reached skill level 1 in Staves
  1316 | D:2      | Reached skill level 1 in Ranged Weapons
  1316 | D:2      | Reached skill level 1 in Throwing
  1316 | D:2      | Reached skill level 1 in Shields
  1316 | D:2      | Reached skill level 1 in Unarmed Combat
  1316 | D:2      | Reached skill level 1 in Spellcasting
  1368 | D:2      | Identified the +8 hand axe "Toniat Ywnia" {freeze, rF+
                  | Stlth+}
  1376 | D:2      | Reached XP level 4. HP: 25/34 MP: 5/5
  1586 | D:2      | Reached skill level 1 in Conjurations
  1586 | D:2      | Reached skill level 1 in Hexes
  1586 | D:2      | Reached skill level 1 in Summonings
  1586 | D:2      | Reached skill level 1 in Necromancy
  1586 | D:2      | Reached skill level 1 in Translocations
  1586 | D:2      | Reached skill level 1 in Transmutations
  1586 | D:2      | Reached skill level 1 in Fire Magic
  1586 | D:2      | Reached skill level 1 in Ice Magic
  1586 | D:2      | Reached skill level 1 in Air Magic
  1586 | D:2      | Reached skill level 1 in Earth Magic
  1586 | D:2      | Reached skill level 1 in Poison Magic
  1586 | D:2      | Reached skill level 1 in Shapeshifting
  1902 | D:3      | Found an ancient bone altar of Kikubaaqudgha.
  2071 | D:3      | Noticed Jessica
  2081 | D:3      | Killed Jessica
  2082 | D:3      | Reached XP level 5. HP: 31/40 MP: 5/7
  2187 | D:3      | Noticed Robin
  2202 | D:3      | Killed Robin
  2634 | D:3      | Reached XP level 6. HP: 39/47 MP: 8/8
  3153 | D:4      | Reached skill level 5 in Armour
  3987 | D:4      | Reached XP level 7. HP: 50/52 MP: 10/10
  3999 | D:4      | Found a staircase to the Ecumenical Temple.
  4011 | D:4      | Reached skill level 7 in Evocations
  4023 | Temple   | Entered the Ecumenical Temple
  4043 | Temple   | Became a worshipper of Hepliaklqana the Forgotten
  4310 | D:5      | Entered Level 5 of the Dungeon
  4709 | D:5      | Identified the +5 ring mail "Ipsout" {*Slow rElec rF+}
  5029 | D:6      | Reached * piety under Hepliaklqana
  5035 | D:6      | Reached XP level 8. HP: 54/54 MP: 12/12
  5237 | D:6      | Found a runed translucent gate.
  5237 | D:6      | Found a runed translucent gate.
  5237 | D:6      | Found a runed translucent gate.
  5237 | D:6      | Noticed a wraith
  5238 | D:6      | Noticed amoryguerra's ghost (novice MiBe)
  5707 | D:6      | Reached ** piety under Hepliaklqana
  5708 | D:6      | Remembered your ancestor Enheduana as a battlemage
  6107 | D:7      | Identified the ring "Zier" {rPois rF+ rC++ Will+ Int-5}
  6534 | D:7      | Reached XP level 9. HP: 52/59 MP: 14/14
  6886 | D:8      | HP: 2/57 [wight/+0 battleaxe (12)]
  6886 | D:8      | Slain by a wight

Illustrated notes

Levels and vault maps discovered:
D:1:      lightli_arrival_lavapool, layout_loops_ring,
          hellmonk_ecumenical_altar_lost_god, minmay_tree_intersection,
          hex_medium
D:2:      layout_loops_ring
D:3:      layout_basic, lemuel_tele_altar, uniq_jessica, uniq_robin
D:4:      layout_basic, minmay_temple_entry_overgrown, grunt_ministairs_14
D:5:      layout_rooms
D:6:      layout_cave_pods, gammafunk_ghost_split, item_on_display_a
D:7:      layout_loops_ring
D:8:      minmay_razor_zed, layout_basic, lair_entry_dummy, serial_shops,
          nicolae_book_shop_shelving
Temple:   hellmonk_temple_of_storms

Skill      XL: |  1  2  3  4  5  6  7  8  9 |
---------------+----------------------------+-----
Invocations    | 1 2 3 4 |  4.4
Short Blades   | 1 2 3 4 |  4.0
Long Blades    | 1 2 3 4 |  4.0
Axes           | 1 2 3 4 |  4.0
Maces & Flails | 1 2 3 4 |  4.0
Polearms       | 1 2 3 4 |  4.0
Staves         | 1 2 3 4 |  4.0
Ranged Weapons | 1 2 3 4 |  4.0
Throwing       | 1 2 3 4 |  4.0
Shields        | 1 2 3 4 |  4.0
Unarmed Combat | 1 2 3 4 |  4.0
Spellcasting   | 1 2 3 4 |  4.0
Conjurations   | 1 2 3 |  3.3
Hexes          | 1 2 3 |  3.3
Summonings     | 1 2 3 |  3.3
Necromancy     | 1 2 3 |  3.3
Translocations | 1 2 3 |  3.3
Transmutations | 1 2 3 |  3.3
Fire Magic     | 1 2 3 |  3.3
Ice Magic      | 1 2 3 |  3.3
Air Magic      | 1 2 3 |  3.3
Earth Magic    | 1 2 3 |  3.3
Poison Magic   | 1 2 3 |  3.3
Shapeshifting  | 1 2 3 |  3.3
Fighting       | 3 4 |  4.9
Dodging        | 3 4 |  4.9
Stealth        | 3 4 |  4.7
Armour         | 5 6 |  6.2
Evocations     | 7 |  7.8

Action                     |  1- 3 |  4- 6 |  7- 9 || total
---------------------------+-------+-------+-------++-------
  Melee: Club              |   197 |       |       ||   197
         Bite              |    19 |     7 |     7 ||    33
         Hand axe          |     5 |   155 |   109 ||   269
         Punch             |     1 |     3 |     6 ||    10
 Invoke: Ancestor Life: Ba |       |       |     1 ||     1
  Evoke: Wand              |     7 |       |       ||     7
   Stab: Distracted        |       |       |     2 ||     2
 Armour: Leather armour    |     7 |       |       ||     7
         Plate armour      |   190 |   123 |    94 ||   407
  Dodge: Dodged            |    63 |    48 |    29 ||   140

Table legend: (Time is in decaauts)
 A = Elapsed time spent in this place.
 B = Non-inter-level travel time spent in this place.
 C = Inter-level travel time spent in this place.
 D = Time resting spent in this place.
 E = Time spent auto-exploring this place.
 F = Levels seen in this place.
 G = Mean time per level.
                   A        B        C        D        E       F      G
               +--------+--------+--------+--------+--------+-----+--------+
         Total |   6993 |   6698 |    295 |    661 |   4913 |   9 |  777.0 |
       Dungeon |   6953 |   6698 |    255 |    661 |   4913 |   8 |  869.1 |
        Temple |     40 |      1 |     39 |      0 |      0 |   1 |   40.0 |
               +--------+--------+--------+--------+--------+-----+--------+

Top non-repeatable levels by time:
     D:3: 1510 daAuts
     D:1: 1183 daAuts
     D:7: 982 daAuts
     D:6: 944 daAuts
     D:2: 896 daAuts
     D:4: 771 daAuts
     D:5: 633 daAuts
  Temple: 40 daAuts
     D:8: 32 daAuts
